 Dungeon Crawl Stone Soup version 0.20.1-1-g8b1a95d (webtiles) character file.

63 Glalom the Gusty (level 4, -2/24 HPs)
             Began as a Tengu Air Elementalist on Oct 29, 2017.
             Was an Initiate of Qazlal.
             Slain by a worm (7 damage)
             ... on level 3 of the Dungeon.
             The game lasted 00:08:15 (2190 turns).

Glalom the Gusty (Tengu Air Elementalist)           Turns: 2190, Time: 00:08:16

Health: -2/24      AC:  4    Str:  8    XL:     4   Next: 10%
Magic:  1/8        EV: 13    Int: 16    God:    Qazlal [......]
Gold:   69         SH:  0    Dex: 15    Spells: 1/7 levels left

rFire    . . .     SeeInvis .   e - +0 dagger
rCold    . . .     Gourm    .   (no shield)
rNeg     . . .     Faith    .   a - +0 robe
rPois    +         Spirit   .   (helmet restricted)
rElec    .         Reflect  .   h - +1 cloak
rCorr    .         Harm     .   (no gloves)
MR       .....                  (boots unavailable)
Stlth    ++........             (no amulet)
Regen    0.1/turn               (no ring)
MPRegen  0.2/turn               l - ring of poison resistance

@: no status effects
A: beak, talons 3
a: Renounce Religion


You were on level 3 of the Dungeon.
You worshipped Qazlal.
Qazlal was noncommittal.
You were very hungry.

You visited 1 branch of the dungeon, and saw 3 of its levels.

You collected 69 gold pieces.

Inventory:

Hand Weapons
 e - a +0 dagger (weapon)
Missiles
 i - 56 stones (quivered)
Armour
 a - a +0 robe (worn)
 h - a +1 cloak (worn)
Jewellery
 f - an uncursed ring of ice
 l - a ring of poison resistance (right hand)
Scrolls
 d - 2 scrolls of identify {unknown}
 g - a scroll of noise {unknown}
 j - a scroll of amnesia {unknown}
 k - a scroll of enchant armour {unknown}
 m - a scroll of teleportation {unknown}
 o - a scroll of fog {unknown}
Potions
 n - a potion of heal wounds {unknown}
 p - a potion of invisibility {unknown}
Books
 b - a book of Air

   Spells                             Type                      Level
   a - Shock                          Conjuration/Air              1
   b - Swiftness                      Charms/Air                   2
   c - Static Discharge               Conjuration/Air              3
   d - Airstrike                      Air                          4
   e - Lightning Bolt                 Conjuration/Air              5
Comestibles
 c - 2 bread rations


   Skills:
 - Level 2.1 Dodging
 - Level 2.0 Stealth
 - Level 2.0 Spellcasting
 + Level 3.7 Conjurations
 + Level 5.3 Air Magic


You had one spell level left.
You knew the following spells:

 Your Spells              Type           Power        Failure   Level  Hunger
a - Shock                 Conj/Air       ###.         3%          1    #......
b - Static Discharge      Conj/Air       ###.....     10%         3    ###....
c - Swiftness             Chrm/Air       ##......     11%         2    ###....


Dungeon Overview and Level Annotations

Branches:
Dungeon (3/15)

Altars:
Elyvilon
Qazlal
Vehumet
The Shining One


Innate Abilities, Weirdness & Mutations

You have a beak for a mouth.
You have claws for feet.


Message History

The hobgoblin hits you but does no damage.
The worm bites you.
You are too injured to fight recklessly!
You are too injured to fight recklessly!
You are too injured to fight recklessly!
You closely miss the hobgoblin. You claw the hobgoblin.
You kill the hobgoblin!
Qazlal accepts your kill.
You are too injured to fight recklessly!
You are too injured to fight recklessly!
You barely miss the worm.
The worm is severely wounded.
The worm bites you!
* * * LOW HITPOINT WARNING * * *
You hit the worm.
The worm is almost dead.
You hit the worm.
The worm is almost dead.
The worm bites you!
You die...

#. ... #.######.#
#........##
..#.......
........#
#.......## #
#....# #
....#.<#w#..###
........@........
.#.).##.######..#
### ...# .....#
#....... #.......
........ .......


You could see a worm.

Vanquished Creatures
  An adder (D:2)
  A dart slug (D:1)
  4 leopard geckos
  A ball python (D:2)
  6 bats
  A giant cockroach (D:2)
  5 hobgoblins
  7 jackals
  4 kobolds (D:1)
  4 frilled lizards
  5 goblins
  4 rats
43 creatures vanquished.

Vanquished Creatures (others)
  A goblin (D:2)
1 creature vanquished.

Grand Total: 44 creatures vanquished

Notes
Turn   | Place    | Note
-------+----------+-------------------------------------------
     0 | D:1      | Glalom the Tengu Air Elementalist began the quest for the Orb.
     0 | D:1      | Reached XP level 1. HP: 10/10 MP: 4/4
   531 | D:1      | Reached XP level 2. HP: 15/15 MP: 6/6
  1131 | D:2      | Reached XP level 3. HP: 19/19 MP: 2/7
  1218 | D:2      | Found a glowing golden altar of the Shining One.
  1285 | D:2      | Found a white marble altar of Elyvilon.
  1593 | D:2      | Reached skill level 5 in Air Magic
  1594 | D:2      | Found a stormy altar of Qazlal.
  1603 | D:2      | Became a worshipper of Qazlal Stormbringer
  1679 | D:2      | Found a radiant altar of Vehumet.
  1796 | D:2      | Learned a level 3 spell: Static Discharge
  1821 | D:2      | Learned a level 2 spell: Swiftness
  2092 | D:3      | Reached XP level 4. HP: 24/24 MP: 5/8
  2190 | D:3      | Slain by a worm

Skill      XL: |  1  2  3 |
---------------+----------+-----
Conjurations   | 2 3 |  3.7
Air Magic      | 5 |  5.3
Dodging        | |  2.1
Stealth        | |  2.0
Spellcasting   | |  2.0

Action                   |  1- 3 |  4- 6 || total
-------------------------+-------+-------++-------
Melee: Dagger            |    24 |     7 ||    31
       Kick              |     3 |     2 ||     5
       Peck              |     2 |       ||     2
 Cast: Shock             |    69 |    15 ||    84
 Stab: Sleeping          |     1 |       ||     1
  Eat: Chunk             |     4 |       ||     4
Armor: Robe              |    10 |     2 ||    12
Dodge: Dodged            |    26 |     3 ||    29
